[Event "*** Titled Tuesday Blitz"]
[Site "Chess.com"]
[Date "2020.10.20"]
[Round "6"]
[White "Sanan_Sjugirov"]
[Black "Duhless"]
[Result "0-1"]
[WhiteElo "2913"]
[BlackElo "3025"]
[TimeControl "180+1"]
[EndTime "11:05:40 PDT"]
[Termination "Duhless won by resignation"]

1. c4 e6 2. Nf3 d5 3. g3 Nf6 4.
Bg2 Be7 5. d4 O-O 6. Nc3 Nbd7 7.
Qd3 a6 8. b3 b5 9. c5 b4 10.
Na4 a5 11. O-O Ba6 12. Qc2 Nb8 13. Ne5 Nfd7 14. Nxd7 Qxd7 15. Rd1 Nc6 16. e4 Rad8 17. Be3 Bb5 18. Nb2 dxe4 19. Bxe4 f5 20. Bg2 Bf6 21.
d5 exd5 22. Rxd5 Qxd5 23. Bxd5+ Rxd5 24. Rd1 Rxd1+ 25. Nxd1 Ne5 26. Qxf5 Bd7 27. Qc2 Nf3+ 28. Kf1 Bb5+ 0-1

[Event "*** Titled Tuesday Blitz"]
[Site "Chess.com"]
[Date "2020.10.20"]
[Round "6"]
[White "UKR_Master"]
[Black "kidagent"]
[Result "1-0"]
[WhiteElo "2450"]
[BlackElo "2287"]
[TimeControl "180+1"]
[EndTime "11:06:00 PDT"]
[Termination "UKR_Master won by resignation"]

1. e4 c5 2. Nf3 d6 3. d4 cxd4 4. Nxd4 Nf6 5. Nc3 a6 6. h3 e5 7. Nde2 b5 8. g4 Bb7 9. Bg2 Be7 10. g5 Nfd7 11. h4 Nb6 12. b3 b4 13. Nd5 Nxd5 14.
exd5 Nd7 15. Be3 O-O 16. Qd2 a5 17. c4 bxc3 18. Nxc3 Rc8 19. O-O f5 20. f4 e4 21.
Ne2 Re8 22. h5 h6 23. Bh3 Rf8 24. Ng3 hxg5 25. fxg5 Ne5 26. Bxf5 Nf3+ 27. Rxf3 exf3 28. Be6+ Kh8 29. h6 gxh6 30. Bd4+ Bf6 31. gxf6 1-0

[Event "*** Titled Tuesday Blitz"]
[Site "Chess.com"]
[Date "2020.10.20"]
[Round "6"]
[White "Gusarov91"]
[Black "slavenok"]
[Result "1-0"]
[WhiteElo "2596"]
[BlackElo "2730"]
[TimeControl "180+1"]
[EndTime "11:06:02 PDT"]
[Termination "Gusarov91 won by resignation"]

1. d4 d5 2. Nf3 Nf6 3. c4 e6 4. g3 Bb4+ 5. Bd2 Bxd2+ 6. Nbxd2 O-O 7. Bg2 b6 8. cxd5 exd5 9. O-O Bb7 10. b4 Nbd7 11. b5 c6 12. bxc6 Bxc6 13. Qb3 Rc8 14.
Rfc1 Bb7 15. e3 Qe7 16. Qa4 a6 17. Ne1 Ne4 18. Nxe4 dxe4 19. Bh3 b5 20. Qa5 Qd6 21. a4 b4 22. Bxd7 Qxd7 23. Qxb4 h5 24. Rab1 Rxc1 25.
Rxc1 h4 26. Ng2 h3 27. Nf4 Bc6 28. Qc4 Bxa4 29. Qxa6 Bb5 30. Qb6 g5 31. Nh5 Qf5 32.
Qh6 1-0

[Event "*** Titled Tuesday Blitz"]
[Site "Chess.com"]
[Date "2020.10.20"]
[Round "6"]
[White "NotFischer"]
[Black "onetowin"]
[Result "1-0"]
[WhiteElo "2251"]
[BlackElo "2101"]
[TimeControl "180+1"]
[EndTime "11:06:03 PDT"]
[Termination "NotFischer won by resignation"]

1. e4 c5 2. Nc3 e6 3. g3 Nc6 4. Bg2 Nf6 5. Nge2 d5 6. d3 Be7 7. exd5 exd5 8. O-O O-O 9. d4 cxd4 10. Nxd4 Nxd4 11. Qxd4 Be6 12. h3 a6 13. Be3 Rc8 14.
Qd2 Bb4 15. Bd4 Ne4 16. Qe3 Nxc3 17. bxc3 Be7 18. Rfe1 Bf6 19. Rab1 Qd7 20. Bxf6 gxf6 21. Kh2 Kh8 22. Qd4 Qd8 23. Rxb7 Rc4 24. Qd2 Qc8 25. Qh6 Rg8 26. Qxf6+ Rg7 27. Rxe6 Qxe6 28. Rb8+ Rc8 29.
Qxe6 fxe6 30. Rxc8+ Rg8 31. Rxg8+ Kxg8 32. Bf1 Kf7 33.
Bxa6 1-0

[Event "*** Titled Tuesday Blitz"]
[Site "Chess.com"]
[Date "2020.10.20"]
[Round "6"]
[White "W_Amadeus"]
[Black "Fandorine"]
[Result "1-0"]
[WhiteElo "2744"]
[BlackElo "2862"]
[TimeControl "180+1"]
[EndTime "11:06:05 PDT"]
[Termination "W_Amadeus won by resignation"]

1. e4 c5 2. Nf3 d6 3. d4 cxd4 4.
Nxd4 Nf6 5. Nc3 a6 6. Be3 Nbd7 7. g4 h6 8. h4 e6 9. f3 b5 10.
a3 Bb7 11. Rg1 g6 12. Qd2 Ne5 13. O-O-O Rc8 14. g5 hxg5 15. hxg5 Nfd7 16. f4 Nc4 17. Bxc4 Rxc4 18. f5 e5 19. fxg6 fxg6 20. Ne6 Qe7 21.
Nxf8 Nxf8 22. Qxd6 Qxd6 23. Rxd6 Rh3 24. Bd2 Bxe4 25.
Nxe4 Rxe4 26. Rxa6 Rf3 27. Bb4 Rf2 28. Ra8+ 1-0

[Event "*** Titled Tuesday Blitz"]
[Site "Chess.com"]
[Date "2020.10.20"]
[Round "6"]
[White "Roza_Idrisova"]
[Black "ChelsieMonica"]
[Result "0-1"]
[WhiteElo "2166"]
[BlackElo "2356"]
[TimeControl "180+1"]
[EndTime "11:06:09 PDT"]
[Termination "ChelsieMonica won by resignation"]

1. d4 e5 2. dxe5 Nc6 3. Nf3 Qe7 4. Bg5 Qb4+ 5. Bd2 Qxb2 6. Nc3 Nb4 7. Nd4 a6 8. Rb1 Qa3 9. Rb3 Qa5 10. a3 Nd5 11.
Ncb5 Qa4 12. Nc3 Qxd4 13. e3 Qxe5 14. f4 Nxc3 15. Rxc3 Qd6 16. Rd3 Qb6 17. Be2 Nf6 18. Bf3 d5 19. O-O Bc5 20. Qe1 O-O 21. Rb3 Qe6 22. Rc3 Bb6 23. Rd3 Re8 24. Qf2 Ne4 25. Bxe4 Qxe4 26. Qf3 Bf5 27. Qxe4 Bxe4 28. Rc3 Ba5 0-1

[Event "*** Titled Tuesday Blitz"]
[Site "Chess.com"]
[Date "2020.10.20"]
[Round "6"]
[White "Quiet_Desperation"]
[Black "Triumphmate"]
[Result "0-1"]
[WhiteElo "1840"]
[BlackElo "2433"]
[TimeControl "180+1"]
[EndTime "11:06:10 PDT"]
[Termination "Triumphmate won by resignation"]

1. e4 d5 2. exd5 Nf6 3. Nc3 Nxd5 4. Nf3 c6 5. Bc4 Bg4 6. h3 Bh5 7. g4 Bg6 8. Ne5 e6 9. h4 Bd6 10. h5 Bxe5 11. hxg6 fxg6 12. d4 Bf6 13. g5 Bxg5 14.
Qg4 Bxc1 15. Rxc1 Qf6 16. Bxd5 cxd5 17. Nb5 Na6 18. Nd6+ Kd7 19. Nb5 h5 20. Qg3 e5 21.
dxe5 Rae8 22. f4 Rhf8 23. O-O Qb6+ 24. Kh2 Qxb5 25. Qxg6 Qe2+ 26. Kg1 Qg4+ 0-1

[Event "*** Titled Tuesday Blitz"]
[Site "Chess.com"]
[Date "2020.10.20"]
[Round "6"]
[White "MPGM"]
[Black "keepitcoming"]
[Result "0-1"]
[WhiteElo "2447"]
[BlackElo "2628"]
[TimeControl "180+1"]
[EndTime "11:06:11 PDT"]
[Termination "keepitcoming won by resignation"]

1. c4 e6 2. g3 d5 3. Bg2 c5 4. Nf3 Nc6 5. cxd5 exd5 6. d4 Nf6 7. O-O Be7 8. Nc3 O-O 9. dxc5 Bxc5 10. Bg5 Be6 11.
Bxf6 Qxf6 12. Nxd5 Qxb2 13. Nc7 Rad8 14. Qb1 Qxb1 15.
Rfxb1 Bc8 16. a4 Bb6 17. Nb5 a6 18. Na3 Bc5 19. Nc4 Rfe8 20. e3 h6 21. Ne1 Kh7 22.
Rc1 Ba7 23. Bxc6 bxc6 24. Na5 Rd5 25. Nxc6 Bc5 26. Nd3 Bxe3 27. Ndb4 Bxc1 28. Nxd5 Re1+ 29. Kg2 Bb7 0-1

[Event "*** Titled Tuesday Blitz"]
[Site "Chess.com"]
[Date "2020.10.20"]
[Round "6"]
[White "Keures"]
[Black "andresgv36"]
[Result "0-1"]
[WhiteElo "2295"]
[BlackElo "2427"]
[TimeControl "180+1"]
[EndTime "11:06:19 PDT"]
[Termination "andresgv36 won by resignation"]

1. d4 Nf6 2. c4 e5 3. dxe5 Ng4 4.
Bf4 g5 5. Bd2 Bg7 6. Nf3 h6 7. h4 Nxe5 8. Nxe5 Bxe5 9. Bc3 Qf6 10. hxg5 hxg5 11. Rxh8+ Qxh8 12. Qd5 Nc6 13. Bxe5 Qxe5 14.
Nc3 d6 15. Qxe5+ Nxe5 16. b3 Be6 17. g3 O-O-O 18. Bg2 f5 19. Nd5 c6 20. Nc3 Kc7 21.
Rd1 a6 22. Rd4 b5 23. cxb5 axb5 24. e4 f4 25. Bf1 Nf3+ 0-1

[Event "*** Titled Tuesday Blitz"]
[Site "Chess.com"]
[Date "2020.10.20"]
[Round "6"]
[White "Morshynska"]
[Black "PawnEatingZombie"]
[Result "1-0"]
[WhiteElo "2240"]
[BlackElo "2150"]
[TimeControl "180+1"]
[EndTime "11:06:19 PDT"]
[Termination "Morshynska won by resignation"]

1. Nf3 d5 2. g3 Nc6 3. d4 Bf5 4. Bg2 Nb4 5. Na3 c5 6. c3 Nc6 7. dxc5 e6 8. Nd4 Bg6 9. Qa4 Bxc5 10. Nxc6 Qd7 11. b4 Bb6 12. b5 bxc6 13. bxc6 Qd6 14.
Nb5 Qe7 15. Ba3 Qd8 16. Nd6+ 1-0

[Event "*** Titled Tuesday Blitz"]
[Site "Chess.com"]
[Date "2020.10.20"]
[Round "6"]
[White "Fy_Rakotomaharo"]
[Black "Zkid"]
[Result "0-1"]
[WhiteElo "2643"]
[BlackElo "2826"]
[TimeControl "180+1"]
[EndTime "11:06:24 PDT"]
[Termination "Zkid won by resignation"]

1. e4 e6 2. d4 d5 3. Nc3 Bb4 4. e5 c5 5. a3 Bxc3+ 6. bxc3 Qa5 7. Bd2 Qa4 8. h4 b6 9. h5 h6 10. Rh4 c4 11. Rg4 Kf8 12. Nh3 Ne7 13. Nf4 Nbc6 14. Be2 Bd7 15. g3 Nf5 16. Kf1 Ke7 17. Kg2 Rag8 18.
Qc1 Kd8 19. Rb1 Kc7 20. Bf1 Nce7 21. Rb4 Qc6 22. Kh2 g5 23. hxg6 fxg6 24. Ng2 g5 25.
Qd1 Be8 26. Be2 Bh5 27. a4 a5 28. Rb5 Bxg4 29. Bxg4 h5 30. Bxh5 g4 31. Nf4 Rg5 32. Kg2 Rhxh5 33. Nxh5 Rxh5 34. Qxg4 Rh8 35. Qg5 Qe8 36.
Qf6 Qh5 0-1

[Event "*** Titled Tuesday Blitz"]
[Site "Chess.com"]
[Date "2020.10.20"]
[Round "6"]
[White "JonahWillow"]
[Black "AlexeiShirov"]
[Result "0-1"]
[WhiteElo "2639"]
[BlackElo "2814"]
[TimeControl "180+1"]
[EndTime "11:06:25 PDT"]
[Termination "AlexeiShirov won by resignation"]

1. e4 e5 2. Nf3 Nc6 3. Nc3 g6 4. d4 exd4 5. Nxd4 Bg7 6. Be3 Nf6 7. f3 O-O 8. Qd2 d5 9. exd5 Nxd5 10. Nxc6 bxc6 11.
Nxd5 Bxb2 12. Rb1 Rb8 13. Nb4 Qh4+ 14. g3 Qxb4 15. c3 Bxc3 16. Rxb4 Bxb4 17. Bxa7 Bxd2+ 18. Kxd2 Rb2+ 19. Ke3 Re8+ 20. Kf4 Re1 21. Bg2 Rxh1 22. Bxh1 Rxh2 0-1

[Event "*** Titled Tuesday Blitz"]
[Site "Chess.com"]
[Date "2020.10.20"]
[Round "6"]
[White "julinha97"]
[Black "cukin84"]
[Result "1-0"]
[WhiteElo "2238"]
[BlackElo "2038"]
[TimeControl "180+1"]
[EndTime "11:06:27 PDT"]
[Termination "julinha97 won by checkmate"]

1. e4 c6 2. d4 d5 3. e5 c5 4. dxc5 e6 5. a3 Bxc5 6. b4 Be7 7. Nf3 a6 8. Bb2 Nc6 9. Bd3 Nh6 10. O-O Qc7 11.
Qe2 g6 12. Re1 Nf5 13. g4 Nh4 14.
Nxh4 Bxh4 15. Nd2 Bd7 16. Nf3 Be7 17. Rac1 h5 18. g5 O-O 19. c4 dxc4 20. Rxc4 Rac8 21. Qc2 Qb8 22. Bxg6 Nxb4 23. axb4 Rxc4 24. Bh7+ Kh8 25. Qxc4 Kxh7 26. Qe4+ Kg7 27. Qh4 Rh8 28. Nd4 Qc7 29. Nf5+ exf5 30. e6+ Kg6 31. exd7 Bxg5 32. Qd4 Rg8 33. Re8 Rg7 34. Qxg7# 1-0

[Event "*** Titled Tuesday Blitz"]
[Site "Chess.com"]
[Date "2020.10.20"]
[Round "6"]
[White "GothamChess"]
[Black "Makswolf200817"]
[Result "1/2-1/2"]
[WhiteElo "2611"]
[BlackElo "2454"]
[TimeControl "180+1"]
[EndTime "11:06:39 PDT"]
[Termination "Game drawn by repetition"]

1. d4 Nf6 2. Bg5 Ne4 3. h4 d5 4.
e3 c5 5. Bd3 Nxg5 6. hxg5 g6 7.
c3 Nc6 8. f4 Qb6 9. Qc1 Bg7 10.
Nf3 Bg4 11. Nbd2 h6 12. gxh6 Rxh6 13. Rxh6 Bxh6 14. Kf2 O-O-O 15. Qc2 Rh8 16. Rh1 Bg7 17.
Rxh8+ Bxh8 18. a3 c4 19. Be2 Bf5 20. Qc1 Bf6 21. Ne5 Nxe5 22. dxe5 Bg7 23. Nf3 f6 24. exf6 Bxf6 25. Nd4 Be4 26. Bf3 Bxd4 27. Bxe4 Bxe3+ 28. Qxe3 Qxb2+ 29. Kg3 dxe4 30. Qc5+ Kd7 31. Qd4+ Ke8 32. Qxc4 Qxa3 33. Kg4 e3 34. Kf3 Qc1 35. Qg8+ Kd7 36. Qd5+ Ke8 37. Qg8+ Kd7 38. Qd5+ Ke8 39. Qg8+ 1/2-1/2

[Event "*** Titled Tuesday Blitz"]
[Site "Chess.com"]
[Date "2020.10.20"]
[Round "6"]
[White "ArjunErigaisi2003"]
[Black "Azerichess"]
[Result "1-0"]
[WhiteElo "3050"]
[BlackElo "2967"]
[TimeControl "180+1"]
[EndTime "11:06:41 PDT"]
[Termination "ArjunErigaisi2003 won by resignation"]

1. e4 e5 2. Nf3 Nc6 3. Bb5 a6 4.
Ba4 Nf6 5. O-O Nxe4 6. d4 b5 7. Bb3 d5 8. Nxe5 Nxe5 9. dxe5 Be6 10. c3 Bc5 11. Nd2 O-O 12. Qe2 Qh4 13. Nf3 Qh5 14. Be3 Rae8 15. h3 Bxh3 16. Bxc5 Qg4 17. g3 Bxf1 18.
Rxf1 Nxc5 19. Bxd5 Rd8 20. Rd1 Ne6 21. Kh2 Ng5 22. Rd4 Nxf3+ 23. Bxf3 Qe6 24. a4 Rxd4 25. cxd4 c6 26. Qe4 Rd8 27. axb5 axb5 28. Qh4 Qh6 29.
Qxh6 gxh6 30. Bxc6 Rd5 31. Bxd5 1-0

[Event "*** Titled Tuesday Blitz"]
[Site "Chess.com"]
[Date "2020.10.20"]
[Round "6"]
[White "Jumbo"]
[Black "ViditYT"]
[Result "1-0"]
[WhiteElo "2784"]
[BlackElo "2913"]
[TimeControl "180+1"]
[EndTime "11:06:44 PDT"]
[Termination "Jumbo won by resignation"]

1. d4 Nf6 2. Bf4 d5 3. e3 e6 4. Nf3 Bd6 5. Bg3 c5 6. dxc5 Bxc5 7. c4 O-O 8. Nc3 Nc6 9. a3 a6 10. Qc2 Qa5 11. Nd2 Be7 12. Be2 Bd7 13. O-O Rac8 14. Rfd1 Qb6 15. b4 d4 16. c5 Qa7 17. Nce4 dxe3 18. fxe3 Nd5 19. Nc4 Rfd8 20. Ned6 Bxd6 21. Bxd6 Be8 22. e4 b5 23. exd5 exd5 24. Nb6 1-0

[Event "*** Titled Tuesday Blitz"]
[Site "Chess.com"]
[Date "2020.10.20"]
[Round "6"]
[White "mjray79"]
[Black "kinga2008"]
[Result "1-0"]
[WhiteElo "2398"]
[BlackElo "2170"]
[TimeControl "180+1"]
[EndTime "11:06:44 PDT"]
[Termination "mjray79 won on time"]

1. d4 Nf6 2. c4 d6 3. Nc3 g6 4. e4 Bg7 5. Nge2 O-O 6. Ng3 e5 7. d5 Ne8 8. Be2 f5 9. exf5 gxf5 10. f4 e4 11. Be3 Nf6 12. O-O Nbd7 13. h3 Nb6 14. b4 h5 15. Rc1 h4 16. Nh1 c6 17.
dxc6 bxc6 18. Nf2 d5 19. cxd5 Nbxd5 20. Nxd5 Nxd5 21. Qb3 Bd7 22. Bc4 Be6 23. Rfd1 Kh7 24. Bc5 Re8 25. b5 Qc8 26. bxc6 Nxf4 27. Bd6 Bxc4 28. Qxc4 Ne6 29. c7 1-0

[Event "*** Titled Tuesday Blitz"]
[Site "Chess.com"]
[Date "2020.10.20"]
[Round "6"]
[White "Bigfish1995"]
[Black "esapunov"]
[Result "1-0"]
[WhiteElo "3043"]
[BlackElo "2768"]
[TimeControl "180+1"]
[EndTime "11:06:45 PDT"]
[Termination "Bigfish1995 won by resignation"]

1. d4 Nf6 2. Bg5 d5 3. e3 c5 4.
c3 e6 5. Bd3 Nc6 6. f4 h6 7. Bxf6 Qxf6 8. Nf3 cxd4 9. cxd4 Bd6 10. O-O O-O 11. Nc3 Bd7 12. Ne5 Qe7 13. Qg4 f5 14.
Qf3 Nxe5 15. fxe5 Bb4 16. Ne2 Be8 17. h3 Qh4 18. Nf4 Bf7 19. Rac1 Rac8 20. Rxc8 Rxc8 21. Nxd5 Bf8 22. Bxf5 exf5 23. Qxf5 Bxd5 24. Qxc8 Qe7 25. e6 Bxe6 26. Rxf8+ Qxf8 27. Qxe6+ Kh8 28. a3 Qd8 29. d5 Qa5 30. d6 Qe1+ 31. Kh2 1-0

[Event "*** Titled Tuesday Blitz"]
[Site "Chess.com"]
[Date "2020.10.20"]
[Round "6"]
[White "Me_ch_an"]
[Black "Sanyura"]
[Result "1-0"]
[WhiteElo "2363"]
[BlackElo "2486"]
[TimeControl "180+1"]
[EndTime "11:06:45 PDT"]
[Termination "Me_ch_an won on time"]

1. e4 c6 2. d4 d5 3. Nd2 dxe4 4. Nxe4 Bf5 5. Ng3 Bg6 6. h4 h6 7. Nf3 e6 8. Ne5 Bh7 9. Bc4 Nf6 10. Qe2 Be7 11. c3 b5 12. Bb3 Qc7 13. Bf4 Nbd7 14. Ng6 Bd6 15. Bxd6 Qxd6 16. Nxh8 O-O-O 17. Nxf7 Qf4 18.
Nxd8 Kxd8 19. Bxe6 b4 20. Bxd7 Kxd7 21. c4 Ng4 22. Rd1 Bg8 23. b3 Be6 24. Qf3 Qd6 25.
Ne4 1-0

[Event "*** Titled Tuesday Blitz"]
[Site "Chess.com"]
[Date "2020.10.20"]
[Round "6"]
[White "UCantHandleDenker"]
[Black "ajdemipopushi"]
[Result "1-0"]
[WhiteElo "2525"]
[BlackElo "2343"]
[TimeControl "180+1"]
[EndTime "11:06:50 PDT"]
[Termination "UCantHandleDenker won on time"]

1. Nf3 c5 2. g3 g6 3. Bg2 Bg7 4. O-O Nc6 5. d3 e6 6. Nbd2 Nge7 7. e4 O-O 8. Re1 b6 9. a4 Bb7 10. e5 d5 11. exd6 Qxd6 12. Ne4 Qd7 13. h4 f6 14. h5 Nf5 15. a5 Rad8 16. axb6 axb6 17. c3 Nfe7 18.
Qb3 Nd5 19. hxg6 hxg6 20. Nh4 Kf7 21. Bd2 Rfe8 22. Bh3 Na5 23. Rxa5 1-0

[Event "*** Titled Tuesday Blitz"]
[Site "Chess.com"]
[Date "2020.10.20"]
[Round "6"]
[White "elohunter1999"]
[Black "scandalgod"]
[Result "0-1"]
[WhiteElo "2513"]
[BlackElo "2391"]
[TimeControl "180+1"]
[EndTime "11:06:51 PDT"]
[Termination "scandalgod won by resignation"]

1. e4 e5 2. Nf3 Nc6 3. Bb5 a6 4. Ba4 d6 5. O-O Bg4 6. c3 Qf6 7. Bxc6+ bxc6 8. d4 Bxf3 9. Qxf3 Qxf3 10. gxf3 f6 11.
Be3 Ne7 12. Nd2 g5 13. Nc4 Ng6 14. Kh1 h6 15. Rad1 Nh4 16. Nd2 Bg7 17. c4 Rb8 18. b3 O-O 19. Rg1 Kh7 20. Rg3 f5 21. dxe5 f4 22. Bxf4 Rxf4 23. exd6 cxd6 24. Nf1 Be5 25. Rd3 Rbf8 26. Nd2 c5 27. h3 R4f6 28. Rg1 Nxf3 29.
Nxf3 Rxf3 30. Rxf3 Rxf3 31. Kg2 Rc3 0-1

[Event "*** Titled Tuesday Blitz"]
[Site "Chess.com"]
[Date "2020.10.20"]
[Round "6"]
[White "brunomorado"]
[Black "WPWPWP-2015"]
[Result "0-1"]
[WhiteElo "2312"]
[BlackElo "2444"]
[TimeControl "180+1"]
[EndTime "11:06:51 PDT"]
[Termination "WPWPWP-2015 won by resignation"]

1. d4 Nf6 2. Nc3 d5 3. Bg5 Bf5 4. f3 c6 5. e3 Nbd7 6. Bd3 Bg6 7. Nge2 h6 8. Bxf6 exf6 9. Bxg6 fxg6 10. Qd3 Kf7 11. e4 Bb4 12. exd5 cxd5 13. O-O Nf8 14. Qb5 Bxc3 15. Qxb7+ Kg8 16. Nxc3 Rb8 17. Qxd5+ Qxd5 18. Nxd5 Rxb2 19. c4 Ne6 20. Ne7+ Kf7 21. Nc6 Rc8 22. d5 Nf4 23. Rf2 Rb7 24. Rd1 g5 25. Rfd2 Rd7 26. Rc2 Rxc6 0-1

[Event "*** Titled Tuesday Blitz"]
[Site "Chess.com"]
[Date "2020.10.20"]
[Round "6"]
[White "tlomigtlis"]
[Black "profofchess"]
[Result "1-0"]
[WhiteElo "2569"]
[BlackElo "2351"]
[TimeControl "180+1"]
[EndTime "11:06:54 PDT"]
[Termination "tlomigtlis won on time"]

1. d4 Nf6 2. c4 e6 3. Nc3 Bb4 4. Qc2 b6 5. a3 Bxc3+ 6. Qxc3 Bb7 7. Bg5 h6 8. Bh4 g5 9. Bg3 Ne4 10.
Qc2 d6 11. e3 h5 12. f3 Nxg3 13.
hxg3 Nd7 14. Bd3 Qe7 15. Ne2 h4 16. gxh4 gxh4 17. Nc3 O-O-O 18. O-O-O Rdg8 19. Kb1 h3 20. Rxh3 Rxh3 21. gxh3 Bxf3 22. Rf1 Bb7 23. Be4 f5 24. Bxb7+ Kxb7 25. a4 a5 26. e4 Qg5 27. exf5 exf5 28.
Rxf5 Qg1+ 29. Ka2 Qxd4 30. Nb5 Qe3 31. Rf7 Qe6 32. Rh7 Rf8 33. Qg2+ Kb8 34. Qc6 1-0

[Event "*** Titled Tuesday Blitz"]
[Site "Chess.com"]
[Date "2020.10.20"]
[Round "6"]
[White "Mikhail_Golubev"]
[Black "GMJustin"]
[Result "1-0"]
[WhiteElo "2533"]
[BlackElo "2279"]
[TimeControl "180+1"]
[EndTime "11:06:57 PDT"]
[Termination "Mikhail_Golubev won on time"]

1. e4 e5 2. Nf3 Nc6 3. Bb5 a6 4. Ba4 Nf6 5. O-O Be7 6. d3 d6 7. c3 Bd7 8. Nbd2 O-O 9. d4 b5 10. Bc2 exd4 11. cxd4 Bg4 12. Nb3 Nb4 13. Bb1 c5 14. h3 Bxf3 15. Qxf3 c4 16. Nd2 d5 17.
e5 Ne8 18. Qg4 Nc7 19. Nf3 g6 20. Bh6 Re8 21. h4 Qc8 22. Qg3 1-0

[Event "*** Titled Tuesday Blitz"]
[Site "Chess.com"]
[Date "2020.10.20"]
[Round "6"]
[White "capatl"]
[Black "Chessmatus"]
[Result "0-1"]
[WhiteElo "2518"]
[BlackElo "2359"]
[TimeControl "180+1"]
[EndTime "11:06:59 PDT"]
[Termination "Chessmatus won by checkmate"]

1. c4 e5 2. Nc3 Nf6 3. Nf3 Nc6 4. e3 Bb4 5. Qc2 O-O 6. d3 d5 7. cxd5 Nxd5 8. Bd2 Be6 9. Be2 a5 10.
O-O h6 11. Rfd1 Qe7 12. a3 Bc5 13. Ne4 Bb6 14. Rac1 Rad8 15. Nc5 Bc8 16. Qc4 Kh8 17. b4 axb4 18. axb4 f5 19. Na4 e4 20. dxe4 fxe4 21. Nd4 Nxd4 22. exd4 e3 23. fxe3 Nxe3 24. Bxe3 Qxe3+ 25. Kh1 Rxd4 26. Rxd4 Bxd4 27. Bf3 Rxf3 28.
Qxc7 Rf8 29. Nc5 Qxc1# 0-1

[Event "*** Titled Tuesday Blitz"]
[Site "Chess.com"]
[Date "2020.10.20"]
[Round "6"]
[White "KarstenHansch"]
[Black "NikolaGry"]
[Result "0-1"]
[WhiteElo "2495"]
[BlackElo "2712"]
[TimeControl "180+1"]
[EndTime "11:07:01 PDT"]
[Termination "NikolaGry won by resignation"]

1. e4 d5 2. exd5 Nf6 3. d4 Nxd5 4. Nf3 g6 5. c4 Nb6 6. Nc3 Bg7 7. Be2 O-O 8. O-O Be6 9. d5 Bg4 10. Qb3 N8d7 11. Be3 c6 12. Rad1 Qc7 13. h3 Bxf3 14. Bxf3 Ne5 15. Be2 Rfd8 16. f4 Ned7 17. c5 Nxd5 18.
Nxd5 cxd5 19. Rxd5 e6 20. Rdd1 Nxc5 21. Qc2 Na6 22. Rc1 Qxc2 23. Rxc2 Nb4 24. Rc7 Nd5 0-1

[Event "*** Titled Tuesday Blitz"]
[Site "Chess.com"]
[Date "2020.10.20"]
[Round "6"]
[White "AliKa2810"]
[Black "realmadridtv"]
[Result "0-1"]
[WhiteElo "2589"]
[BlackElo "2425"]
[TimeControl "180+1"]
[EndTime "11:07:01 PDT"]
[Termination "realmadridtv won by resignation"]

1. d4 Nf6 2. c4 e6 3. Nf3 d5 4.
Nc3 dxc4 5. Bg5 a6 6. e4 b5 7. e5 h6 8. Bh4 g5 9. Bg3 Nd5 10.
Be2 Bb7 11. O-O Nd7 12. a4 Nxc3 13. bxc3 Nb6 14. Ne1 Nd5 15. Qc2 h5 16. h3 g4 17.
h4 Be7 18. Rb1 Bc6 19. Qd2 Bxh4 20. Bh2 Bg5 21. Qc2 h4 22. Bxg4 Bf4 23. Bf3 Bxh2+ 24.
Kxh2 Qg5 25. axb5 axb5 26. Qc1 Qf5 27. Nc2 h3 28. Bxd5 hxg2+ 29. Kxg2 Qh3+ 0-1

[Event "*** Titled Tuesday Blitz"]
[Site "Chess.com"]
[Date "2020.10.20"]
[Round "6"]
[White "chessmadara"]
[Black "witcher8"]
[Result "1-0"]
[WhiteElo "2186"]
[BlackElo "2422"]
[TimeControl "180+1"]
[EndTime "11:07:01 PDT"]
[Termination "chessmadara won on time"]

1. e4 c6 2. d4 d5 3. Nc3 dxe4 4. Nxe4 Bf5 5. Ng3 Bg6 6. h4 h6 7. f4 e6 8. Nf3 Nd7 9. h5 Bh7 10. Bd3 Bxd3 11. Qxd3 Ngf6 12. Bd2 Qc7 13. O-O-O c5 14. Kb1 Be7 15. Ne5 O-O 16. Ne4 cxd4 17.
Qxd4 Nxe4 18. Qxe4 Nf6 19. Qf3 Rac8 20. Rc1 Nd5 21.
g4 Bf6 22. g5 Bxe5 23. fxe5 hxg5 24. h6 g6 25. c4 Qxe5 26. cxd5 Rxc1+ 27. Rxc1 Kh7 28. Bc3 Qf5+ 29. Qxf5 gxf5 30. Bg7 Rd8 31. dxe6 fxe6 32. Rc7 Kg6 33. h7 g4 34. h8=Q 1-0

[Event "*** Titled Tuesday Blitz"]
[Site "Chess.com"]
[Date "2020.10.20"]
[Round "6"]
[White "pavelalexandru07"]
[Black "sbouchet"]
[Result "1-0"]
[WhiteElo "2282"]
[BlackElo "2402"]
[TimeControl "180+1"]
[EndTime "11:07:01 PDT"]
[Termination "pavelalexandru07 won by resignation"]

1. e4 c5 2. Nf3 g6 3. d4 cxd4 4. Qxd4 Nf6 5. c4 Nc6 6. Qe3 Bg7 7. Nc3 O-O 8. Be2 d6 9. O-O Ng4 10. Qd2 f5 11. h3 Nf6 12. exf5 Bxf5 13. Re1 Qd7 14.
Bd1 Bxh3 15. gxh3 Qxh3 16. Nd5 Ng4 17. Nf4 Rxf4 18. Qxf4 Rf8 19. Qg3 Qxg3+ 20. fxg3 Nd4 21. Kg2 e5 22. Be3 1-0

[Event "*** Titled Tuesday Blitz"]
[Site "Chess.com"]
[Date "2020.10.20"]
[Round "6"]
[White "niki_2003"]
[Black "ajedrezhoy"]
[Result "1/2-1/2"]
[WhiteElo "1847"]
[BlackElo "2212"]
[TimeControl "180+1"]
[EndTime "11:07:01 PDT"]
[Termination "Game drawn by repetition"]

1. d4 Nf6 2. c4 b6 3. Nc3 Bb7 4. e4 Nxe4 5. d5 Nxc3 6. bxc3 e5 7. Nf3 d6 8. Bd3 Be7 9. O-O Nd7 10. Qc2 Nc5 11. Re1 g6 12. Bh6 Bc8 13. Bg7 Rg8 14.
Bxe5 dxe5 15. Nxe5 Nxd3 16. Qxd3 Bd7 17. Qf3 f5 18. d6 cxd6 19. Nxd7 Kxd7 20. Qb7+ Ke8 21. Rxe7+ Qxe7 22. Qxa8+ Kf7 23. Qd5+ Qe6 24. Qb7+ Qe7 25. Qd5+ Kg7 26. Rd1 Rc8 27. Qxd6 Qxd6 28. Rxd6 Rxc4 29. Rd7+ Kf6 30. Rxa7 Rxc3 31. g3 h5 32. Ra6 Rc1+ 33. Kg2 Rb1 34. a4 Ke5 35. a5 bxa5 36. Rxa5+ Kf6 37. Ra6+ Kg7 38. Ra7+ Kh6 39. Ra6 Rb3 40.
h4 Kg7 41. Ra7+ Kf6 42. Ra6+ Kf7 43. Ra7+ Kf6 44. Ra6+ Kf7 45. Ra7+ Kf6 1/2-1/2

[Event "*** Titled Tuesday Blitz"]
[Site "Chess.com"]
[Date "2020.10.20"]
[Round "6"]
[White "YIYUKI"]
[Black "juancruzarias"]
[Result "0-1"]
[WhiteElo "2331"]
[BlackElo "2550"]
[TimeControl "180+1"]
[EndTime "11:07:02 PDT"]
[Termination "juancruzarias won by resignation"]

1. e4 e6 2. d4 d5 3. Nc3 Nf6 4. e5 Nfd7 5. f4 c5 6. Nf3 Nc6 7. Be3 cxd4 8. Nxd4 Bc5 9. Qd2 O-O 10. O-O-O a6 11. g3 Nxd4 12. Bxd4 b5 13. Bg2 Bb7 14. f5 Bxd4 15. Qxd4 Qg5+ 16. Qf4 Qxf4+ 17. gxf4 b4 18. fxe6 fxe6 19. Ne2 Rac8 20. Bh3 Nc5 21. Rhf1 Rc7 22. Nd4 Bc8 23. f5 exf5 24. Bxf5 g6 25. Bxc8 Rfxc8 26. Rd2 Ne4 27. Re2 a5 28. Kd1 a4 29. Nb5 Re7 30. Nd6 Rc6 31. Nxe4 dxe4 32. Rxe4 Rd7+ 33. Kc1 b3 34. axb3 axb3 35. c3 Ra6 36. Kb1 Rda7 37. Kc1 Rd7 38. Rd4 Rxd4 39. cxd4 Ra1+ 40. Kd2 Rxf1 41. d5 Kf7 42. Kc3 Rf3+ 43. Kd4 Ke7 44. Kc5 Rf2 45. d6+ Ke6 46. Kc6 Rc2+ 47. Kb7 Rxb2 48. Kc8 Rd2 0-1